 Dungeon Crawl Stone Soup version 0.30-a0-534-gdc55766716 (webtiles) character file.

Game seed: 12628299586408800852

2191 Newt the Shooter (level 9, -2/54 HPs)
             Began as a Kobold Hunter on Dec 24, 2022.
             Was an Initiate of Gozag.
             Slain by an acid dragon (3 damage)
             ... on level 7 of the Dungeon.
             The game lasted 00:08:42 (7278 turns).

Newt the Shooter (Kobold Hunter)                    Turns: 7278, Time: 00:08:42

Health: -2/54      AC: 12    Str: 11    XL:     9   Next: 59%
Magic:  9/9        EV:  9    Int: 10    God:    Gozag
Gold:   725        SH:  7    Dex: 20    Spells: 8/8 levels left

rFire   . . .      SeeInvis .    i - +7 eveningstar
rCold   . . .      Faith    .    k - +0 buckler
rNeg    . . .      Spirit   .    u - +1 chain mail
rPois   .          Reflect  .    (no helmet)
rElec   .          Harm     .    t - +0 cloak
rCorr   .          Rampage  .    q - +0 pair of gloves
Will    +....                    (no boots) Stlth
                                 (no amulet)
HPRegen 0.29/turn                (no ring)
MPRegen 0.11/turn                (no ring)

@: gold aura, studying Dodging
A: small, no large weapons, nightstalker 3, strong-willed 1
a: Renounce Religion, Potion Petition, Call Merchant, Bribe Branch


You were on level 7 of the Dungeon.
You worshipped Gozag.
Gozag was pleased with you.
You visited 2 branches of the dungeon, and saw 8 of its levels.

You collected 751 gold pieces.
You paid 26 gold pieces to Gozag.

Inventory:

Hand Weapons
 a - a +1 shortbow
 i - a +7 eveningstar (weapon)
 m - the +5 whip of Popockar {vamp, Drain Fly rC+}
   (You found it on level 2 of the Dungeon)

   It occasionally heals its wielder for a portion of the damage dealt when it
   wounds a living foe.
   rC:        It protects you from cold.
   Fly:       It grants you flight.
   Drain:     It drains your maximum health when unequipped.
 y - a +3 vorpal flail
Missiles
 f - 19 poisoned darts
Armour
 c - a +0 leather armour
 k - a +0 buckler (worn)
 q - a +0 pair of gloves (worn)
 t - a +0 cloak (worn)
 u - a +1 chain mail (worn)
Jewellery
 o - an amulet of the acrobat
 p - the ring of Moviez {rF+ Int+4 Slay+4}
   (You found it on level 2 of the Dungeon)

   [ring of slaying]

   Int:       It affects your intelligence (+4).
   Slay:      It affects your accuracy & damage with ranged weapons and melee
   (+4).
   rF:        It protects you from fire.
 x - an amulet of regeneration
Wands
 d - a wand of iceblast (15)
 g - a wand of light (13)
 v - a wand of mindburst (8)
 w - a wand of flame (22)
 C - a wand of charming (9)
Scrolls
 b - a scroll of immolation
 n - a scroll of fog
 s - 5 scrolls of teleportation
Potions
 e - 2 potions of brilliance
 h - a potion of degeneration
 j - a potion of mutation
 l - a potion of haste {unknown}
 r - 2 potions of ambrosia
 z - a potion of heal wounds {unknown}


   Skills:
 - Level 5.0 Fighting
 + Level 6.5 Maces & Flails
 - Level 7.3 Ranged Weapons
 - Level 4.0 Armour
 - Level 6.0 Dodging
 - Level 1.3 Stealth
 - Level 4.0 Shields


You had 8 spell levels left.
You didn't know any spells.
Your spell library contained the following spells:

 Spells                   Type           Power      Damage    Failure   Level
 Apportation              Tloc           0%         N/A       100%        1
 Freeze                   Ice            0%         1d3       100%        1
 Necrotise                Necr           0%         1d4       100%        1
 Summon Small Mammal      Summ           0%         N/A       100%        1
 Frozen Ramparts          Ice            0%         1d1       100%        3
 Hailstorm                Conj/Ice       0%         3d3       100%        3
 Kindle Blastsparks       Fire/Tloc/Air  0%         2d10      100%        3
 Fulminant Prism          Conj/Hex       0%         3d5       100%        4
 Iskenderun's Mystic Bla  Conj/Tloc      0%         2d3       100%        4
 Passage of Golubria      Tloc           0%         N/A       100%        4
 Lee's Rapid Deconstruct  Erth           0%         3d4*      100%        5
 Silence                  Hex/Air        0%         N/A       100%        5
 Lehudib's Crystal Spear  Conj/Erth      0%         10d2      100%        8


Dungeon Overview and Level Annotations

Branches:
Dungeon (7/15)             Temple (1/1) D:7

Altars:
Elyvilon
Gozag
Ru

Shops:
D:2 *


Innate Abilities, Weirdness & Mutations

You are small and have problems with some larger weapons.
You are completely attuned to the shadows.
You are strong-willed. (Will+)


Message History

No target in view!
No target in view!
No target in view!
No target in view!
No target in view!
You now have 725 gold pieces (gained 7).
Things that are here:
a +0 vampiric trident; a +0 scale mail An acid dragon comes into view.
An acid dragon is nearby!
An acid dragon is nearby!
An acid dragon is nearby!
The acid dragon roars!
The acid dragon bites you.
The acid dragon claws you but does no damage.
You hit the acid dragon but do no damage.
The acid dragon bites you! You block the acid dragon's attack.
You puncture the acid dragon!
The acid dragon is heavily wounded.
The acid dragon bites you! The acid dragon claws you.
You barely miss the acid dragon.
The acid dragon is heavily wounded.
The acid dragon spits acid at you. The splash of acid hits you!!
* * * LOW HITPOINT WARNING * * *
You are too injured to fight recklessly!
You don't have any such object.
Fire/throw/use which item? ([*] to toss any item) (? for menu, Esc to quit)
Okay, then.
Aiming: Bolt of Light
Press: ? - help, Shift-Dir - straight line, f - acid dragon
Aim: an acid dragon (heavily wounded, catching its breath, 71% to hit)
The bolt of light hits the acid dragon!
The acid dragon is almost dead.
The acid dragon is blinded.
The acid dragon bites you!
* * * LOW HITPOINT WARNING * * *
The acid dragon claws you.
You die...
Your body crumbles into a pile of gold.

.. .# #.# .# #.#
.#### #.# #.. ....#
#.###.....## ##
###.###.##.......##..
##...##.#...........#
........'..........#
##...####.$...).@D.#
##.## ##..$....#.#
#.# ##......# .# #.#
##...#... . ##+####.


You could see an acid dragon (blind, catching breath).

Vanquished Creatures
  Grinder (D:4)
  A yak (D:7)
  A steam dragon (D:7)
  Edmund (D:4)
  2 ice beasts
  The ghost of sirJeffrey23 the Trooper, an amateur DsFi (D:3)
  2 ogres
  A centaur (D:6)
  2 phantoms
  A kobold brigand (D:7)
  2 bullfrogs
  A gnoll sergeant (D:7)
  A necrophage (D:6)
  3 scorpions
  3 orc priests
  A jelly (D:6)
  A hound (D:4)
  3 iguanas
  An orc wizard (D:5)
  6 adders
  A white imp (D:6)
  5 ufetubi
  2 dart slugs
  20 orcs
  3 bats
  4 endoplasms
  4 giant cockroaches
  10 goblins
  8 hobgoblins
  7 jackals
  11 kobolds
  5 quokkas
  7 ball pythons
  5 frilled lizards
  4 rats
131 creatures vanquished.

Vanquished Creatures (others)
  A white imp (D:7)
1 creature vanquished.

Grand Total: 132 creatures vanquished

Notes
Turn   | Place    | Note
-------+----------+-------------------------------------------
     0 | D:1      | Newt the Kobold Hunter began the quest for the Orb.
     0 | D:1      | Reached XP level 1. HP: 12/12 MP: 1/1
   107 | D:1      | Reached XP level 2. HP: 17/17 MP: 2/2
   260 | D:1      | Reached skill level 6 in Ranged Weapons
   369 | D:1      | Reached XP level 3. HP: 12/21 MP: 3/3
   812 | D:2      | Reached skill level 7 in Ranged Weapons
   956 | D:2      | Reached XP level 4. HP: 26/26 MP: 4/4
  1047 | D:2      | Identified the +5 whip of Popockar {vamp, Drain Fly rC+}
  1280 | D:2      | Identified the ring of Moviez {rF+ Int+4 Slay+4}
  1379 | D:2      | Found Zuurhic's General Store.
  1481 | D:3      | Gained mutation: You are strong-willed. (Will+) [potion of
                  | mutation]
  1730 | D:3      | Found a runed translucent gate.
  1731 | D:3      | Found a runed translucent gate.
  1732 | D:3      | Found a runed translucent gate.
  1737 | D:3      | Reached skill level 1 in Maces & Flails
  1749 | D:3      | Noticed sirJeffrey23's ghost (amateur DsFi)
  1807 | D:3      | HP: 1/26 [orc priest/+0 hand axe (7)]
  1811 | D:3      | Reached XP level 5. HP: 11/30 MP: 5/5
  2155 | D:3      | Found an opulent altar of Gozag.
  2160 | D:3      | Became a worshipper of Gozag Ym Sagoz the Greedy
  2169 | D:3      | Found a white marble altar of Elyvilon.
  2406 | D:3      | Killed sirJeffrey23's ghost
  2407 | D:3      | Reached XP level 6. HP: 17/35 MP: 6/6
  2750 | D:4      | Noticed an ogre
  2764 | D:4      | Killed an ogre
  2765 | D:4      | Reached skill level 5 in Maces & Flails
  2765 | D:4      | Reached XP level 7. HP: 5/40 MP: 7/7
  3048 | D:4      | Noticed Edmund
  3057 | D:4      | Killed Edmund
  3381 | D:4      | Found a sacrificial altar of Ru.
  3577 | D:4      | Noticed Grinder
  3592 | D:4      | Paralysed by Grinder for 3 turns
  3599 | D:4      | Killed Grinder
  3600 | D:4      | Reached XP level 8. HP: 27/45 MP: 8/8
  3937 | D:5      | Entered Level 5 of the Dungeon
  4661 | D:5      | Reached skill level 5 in Fighting
  4911 | D:5      | Reached skill level 1 in Armour
  6231 | D:6      | Reached XP level 9. HP: 37/54 MP: 9/9
  6583 | D:6      | Reached skill level 1 in Shields
  6764 | D:7      | Found a staircase to the Ecumenical Temple.
  6835 | Temple   | Entered the Ecumenical Temple
  7278 | D:7      | HP: 1/54 [acid dragon (9)]
  7278 | D:7      | Slain by an acid dragon

Illustrated notes

Levels and vault maps discovered:
D:1:      shiori_arrival_maze, layout_loops_cross
D:2:      layout_loops_cross, serial_shops, nicolae_shop_crystal
D:3:      layout_rooms, amethyst_overflow_temple_binary,
          biasface_ghost_orc_armoury
D:4:      layout_loops_ring, mainiacjoe_overflow_surrounded_room, uniq_edmund,
          uniq_grinder
D:5:      layout_cave_pods, kennysheep_path_1
D:6:      minmay_inner_zag, layout_cave_pools
D:7:      layout_loops_corners, minmay_temple_entry_butterflies,
          corner_web_ring, hangedman_decor_lopped, minmay_manual_mail
Temple:   regret_index_temple_mists

Skill      XL: |  1  2  3  4  5  6  7  8  9 |
---------------+----------------------------+-----
Ranged Weapons | 6 7 |  7.3
Maces & Flails | 1 3 5 6 |  6.5
Dodging        | 6 |  6.0
Fighting       | 5 |  5.0
Armour         | 3 4 |  4.0
Shields        | 4 |  4.0
Stealth        | |  1.3

Action                   |  1- 3 |  4- 6 |  7- 9 || total
-------------------------+-------+-------+-------++-------
Melee: Whip              |       |   153 |   115 ||   268
       Eveningstar       |       |       |    89 ||    89
 Fire: Shortbow          |    84 |    10 |       ||    94
Evoke: Wand              |       |     1 |     7 ||     8
  Use: Scroll            |       |     9 |     6 ||    15
       Potion            |       |     3 |       ||     3
 Stab: Sleeping          |       |     7 |       ||     7
       Distracted        |       |       |     1 ||     1
Armor: Leather armour    |    11 |    25 |       ||    36
       Chain mail        |       |    43 |   109 ||   152
Dodge: Dodged            |    27 |    94 |    63 ||   184
Block: Buckler           |       |    38 |    49 ||    87

Table legend: (Time is in decaauts)
 A = Elapsed time spent in this place.
 B = Non-inter-level travel time spent in this place.
 C = Inter-level travel time spent in this place.
 D = Time resting spent in this place.
 E = Time spent auto-exploring this place.
 F = Levels seen in this place.
 G = Mean time per level.
                   A        B        C        D        E       F      G
               +--------+--------+--------+--------+--------+-----+--------+
         Total |   7313 |   7097 |    216 |   1728 |   4472 |   8 |  914.1 |
       Dungeon |   6990 |   6774 |    216 |   1415 |   4472 |   7 |  998.6 |
        Temple |    322 |    322 |      0 |    313 |      0 |   1 |  322.0 |
               +--------+--------+--------+--------+--------+-----+--------+

Top non-repeatable levels by time:
     D:4: 1412 daAuts
     D:5: 1390 daAuts
     D:6: 1273 daAuts
     D:3: 1045 daAuts
     D:1: 808 daAuts
     D:2: 692 daAuts
     D:7: 367 daAuts
  Temple: 322 daAuts
